 Dungeon Crawl Stone Soup version 0.21.0-24-g2553a33 (webtiles) character file.

1478 komo4ek the Grave Robber (level 8, -13/67 HPs)
             Began as a Hill Orc Necromancer on Jan 20, 2018.
             Killed from afar by Daviar's ghost (28 damage)
             ... with a lance of force
             ... on level 6 of the Dungeon.
             The game lasted 00:22:44 (7418 turns).

komo4ek the Grave Robber (Hill Orc Necromancer)     Turns: 7418, Time: 00:22:45

Health: -13/67     AC:  4    Str: 21    XL:     8   Next: 79%
Magic:  13/13      EV: 13    Int: 21    God:
Gold:   132        SH:  0    Dex: 11    Spells: 2/14 levels left

rFire    . . .     SeeInvis .   t - +0 trident (pain)
rCold    . . .     Gourm    .   (no shield)
rNeg     . . .     Faith    +   g - +1 robe of Mokuduv {Int+4}
rPois    .         Spirit   .   (no helmet)
rElec    .         Reflect  .   (no cloak)
rCorr    .         Harm     .   (no gloves)
MR       .....                  n - +0 pair of boots
Stlth    ++........             z - amulet of faith
HPRegen  0.21/turn              q - +2 ring of intelligence
MPRegen  0.13/turn              x - +3 ring of strength

@: mighty, lethally poisoned (-13 -> -24)
A: no striking features
a: no special abilities


You were on level 6 of the Dungeon.
You were not hungry.

You visited 1 branch of the dungeon, and saw 6 of its levels.
You also visited: Ossuary.

You collected 291 gold pieces.
You spent 159 gold pieces at shops.

Inventory:

Hand Weapons
 p - a +0 spear
 t - a +0 trident of pain (weapon)
Missiles
 f - 168 stones (quivered)
 k - 48 arrows
 s - a throwing net
 v - 48 bolts
Armour
 g - the +1 robe of Mokuduv (worn) {Int+4}
   (You bought it in a shop on level 5 of the Dungeon)

   It affects your intelligence (+4).
 n - a +0 pair of boots (worn)
 A - the +0 leather armour of Optimism {MR+}
   (You found it on level 4 of the Dungeon)

   It affects your resistance to hostile enchantments.
Jewellery
 m - an uncursed ring of fire
 q - a +2 ring of intelligence (left hand)
 w - an uncursed ring of resist corrosion
 x - a +3 ring of strength (right hand)
 z - an amulet of faith (around neck)
 G - an uncursed amulet of guardian spirit {unknown}
Scrolls
 d - 2 scrolls of amnesia
 j - a scroll of fog
 u - 2 scrolls of enchant armour
 y - 2 scrolls of teleportation
 F - a scroll of random uselessness
 H - 2 scrolls of remove curse {unknown}
Potions
 a - a potion of degeneration {unknown}
 e - 2 potions of magic
 h - a potion of mutation
 i - 4 potions of brilliance
 l - a potion of flight
 r - 2 potions of cancellation {unknown}
 C - a potion of invisibility {unknown}
 D - a potion of haste {unknown}
 E - a potion of resistance {unknown}
Books
 b - a book of Necromancy

   Spells                             Type                      Level
   a - Pain                           Necromancy                   1
   b - Animate Skeleton               Necromancy                   1
   c - Vampiric Draining              Necromancy                   3
   d - Regeneration                   Charms/Necromancy            3
   e - Animate Dead                   Necromancy                   4
   f - Borgnjor's Vile Clutch         Necromancy/Earth             5
Comestibles
 c - 5 rations


   Skills:
 + Level 4.8 Fighting
 + Level 3.5 Polearms
 + Level 4.2 Armour
 + Level 3.6 Dodging
 - Level 1.5 Stealth
 + Level 3.7 Spellcasting
 + Level 6.7 Necromancy


You had 2 spell levels left.
You knew the following spells:

 Your Spells              Type           Power        Failure   Level  Hunger
a - Pain                  Necr           ####         1%          1    None
b - Animate Skeleton      Necr           N/A          1%          1    None
c - Vampiric Draining     Necr           ####......   2%          3    ###....
d - Regeneration          Chrm/Necr      ###.......   10%         3    ###....
e - Animate Dead          Necr           N/A          8%          4    ####...


Dungeon Overview and Level Annotations

Branches:
Dungeon (6/15)
 Temple: D:4-7

Altars:
Ashenzari
Cheibriados
Hepliaklqana
Makhleb
Nemelex Xobeh
Qazlal
Uskayaw
Vehumet
Yredelemnul
The Shining One

Shops:
D:5 [   D:6 }

Annotations:
D:6 Daviar's ghost, novice TeCj


Message History

Daviar's ghost hits you but does no damage.
You are poisoned.
Your worker ant zombie closely misses Daviar's ghost.
You closely miss Daviar's ghost.
You feel sick.
Daviar's ghost points at you and mumbles some strange words.
The magic dart hits you!
* * * LOW HITPOINT WARNING * * *
Your worker ant zombie bites Daviar's ghost.
You miss Daviar's ghost.
Daviar's ghost is lightly damaged.
You feel sick.
Your worker ant zombie barely misses Daviar's ghost.
Daviar's ghost hits you but does no damage.
You are more poisoned.
You puncture Daviar's ghost!
Daviar's ghost is moderately damaged.
You feel sick. Daviar's ghost casts a spell at you.
The lance of force hits you!
You die...

#### #... ##########
### #<(. #††.†....#
#.# #.## #'##@Z...#
#.###...
#...##W...#####.....##
#...a.#....'.........#
#...a.#....##.##.....#
##...##.............##
##+##........##.####
#...#....#### #
#...#.##.# #.
.......##.#


You could see Daviar's ghost and a friendly worker ant zombie.

Vanquished Creatures
  Menkaure (D:4)
  A necrophage (D:3)
  An ogre (D:4)
  3 sky beasts
  A centaur (D:2)
  A scorpion (D:5)
  2 water moccasin zombies (Ossuary)
  A crimson imp (D:5)
  A hound (D:6)
  A jelly (D:5)
  Terence (D:2)
  6 worker ants
  3 big kobold zombies (Ossuary)
  A hound skeleton (D:4)
  3 mummies
  14 adders
  An ooze (D:3)
  6 adder zombies
  5 worms
  A dart slug (D:1)
  5 leopard geckos
  9 orcs
  8 bats
  5 giant cockroaches
  6 gnoll zombies
  7 goblins
  7 hobgoblins
  9 jackals
  A quokka (D:3)
  A ball python (D:3)
  3 frilled lizards
  2 hobgoblin zombies (Ossuary)
  A kobold (D:2)
  A kobold zombie (Ossuary)
  5 orc zombies (Ossuary)
  8 rats
132 creatures vanquished.

Vanquished Creatures (collateral kills)
  A crimson imp (D:5)
  Jessica (D:2)
  A worker ant (D:6)
  An adder zombie (D:5)
  A kobold (D:1)
  2 rats
7 creatures vanquished.

Vanquished Creatures (others)
  A frilled lizard (D:5)
1 creature vanquished.

Grand Total: 140 creatures vanquished

Notes
Turn   | Place    | Note
-------+----------+-------------------------------------------
     0 | D:1      | komo4ek the Hill Orc Necromancer began the quest for the Orb.
     0 | D:1      | Reached XP level 1. HP: 14/14 MP: 3/3
   206 | D:1      | Reached XP level 2. HP: 10/20 MP: 4/4
   439 | D:1      | Learned a level 1 spell: Animate Skeleton
  1148 | D:2      | Reached XP level 3. HP: 19/26 MP: 1/6
  1489 | D:2      | Noticed Jessica
  2424 | D:2      | Reached XP level 4. HP: 26/34 MP: 1/7
  2485 | D:2      | Found a hazy altar of Hepliaklqana.
  2503 | D:2      | Noticed Terence
  2510 | D:2      | Learned a level 3 spell: Vampiric Draining
  2519 | D:2      | Killed Terence
  2519 | D:2      | Reached skill level 1 in Fighting
  2519 | D:2      | Reached skill level 5 in Necromancy
  2644 | D:2      | Noticed a centaur
  2647 | D:2      | Reached skill level 1 in Armour
  2654 | D:2      | Killed a centaur
  2654 | D:2      | Reached XP level 5. HP: 30/41 MP: 1/8
  2925 | D:2      | Killed Jessica
  3163 | D:3      | Learned a level 3 spell: Regeneration
  3198 | D:3      | Found a shattered altar of Ashenzari.
  3228 | D:3      | Noticed a necrophage
  3245 | D:3      | Killed a necrophage
  3245 | D:3      | Reached XP level 6. HP: 38/45 MP: 6/9
  3347 | D:3      | Found a sparkling altar of Nemelex Xobeh.
  3351 | D:3      | Found a stormy altar of Qazlal.
  3352 | D:3      | Found a burning altar of Makhleb.
  3364 | D:3      | Found a hide-covered altar of Uskayaw.
  3369 | D:3      | Found a radiant altar of Vehumet.
  3652 | D:3      | Found a basalt altar of Yredelemnul.
  3748 | D:3      | Found a glowing golden altar of the Shining One.
  3836 | D:4      | Got a steaming leather armour
  3905 | D:3      | Identified the +0 leather armour of Optimism {MR+} (You found it on level 4 of the Dungeon)
  4044 | D:4      | Noticed Menkaure
  4061 | D:4      | Killed Menkaure
  4061 | D:4      | Reached skill level 1 in Polearms
  4061 | D:4      | Reached XP level 7. HP: 28/54 MP: 11/11
  4637 | D:4      | Reached skill level 6 in Necromancy
  5270 | D:5      | Entered Level 5 of the Dungeon
  5270 | D:5      | Found Exzov's Antique Armour Emporium.
  5612 | D:5      | Learned a level 4 spell: Animate Dead
  5620 | D:5      | Reached XP level 8. HP: 55/63 MP: 12/12
  5677 | D:5      | Found a sand-covered staircase.
  5697 | Ossuary  | Entered an ossuary
  6508 | D:5      | Bought a steaming robe for 159 gold pieces
  6581 | D:5      | Identified the +1 robe of Mokuduv {Int+4} (You bought it in a shop on level 5 of the Dungeon)
  6947 | D:6      | Found a snail-covered altar of Cheibriados.
  6975 | D:6      | Found Lianuics's Gadget Shoppe.
  7019 | D:6      | Noticed Daviar's ghost (novice TeCj)
  7418 | D:6      | Killed from afar by Daviar's ghost

Skill      XL: |  1  2  3  4  5  6  7  8 |
---------------+-------------------------+-----
Spellcasting   | 2 3 |  3.7
Fighting       | 1 2 3 4 |  4.8
Necromancy     | 5 6 |  6.7
Armour         | 1 2 3 4 |  4.2
Dodging        | 2 3 |  3.6
Polearms       | 1 2 3 |  3.5
Stealth        | |  1.5

Action                   |  1- 3 |  4- 6 |  7- 9 || total
-------------------------+-------+-------+-------++-------
Melee: Club              |    12 |       |       ||    12
       Unarmed           |     3 |       |       ||     3
       Spear             |    26 |     5 |       ||    31
       Trident           |       |   137 |   352 ||   489
 Cast: Pain              |    50 |     7 |     9 ||    66
       Animate Skeleton  |     6 |     9 |     1 ||    16
       Vampiric Draining |       |     7 |     8 ||    15
       Animate Dead      |       |       |     5 ||     5
  Use: Potion            |       |     3 |     6 ||     9
       Scroll            |       |       |    10 ||    10
 Stab: Sleeping          |     1 |     2 |     1 ||     4
  Eat: Chunk             |     1 |     4 |     3 ||     8
       Ration            |     1 |     1 |     3 ||     5
Armor: Robe              |     9 |       |    19 ||    28
       Leather armour    |     8 |    17 |    52 ||    77
       Ring mail         |       |    18 |       ||    18
Dodge: Dodged            |    34 |   104 |   208 ||   346
